 Dungeon Crawl Stone Soup version 0.26-a0-1107-g6118521029 (webtiles) character file.

Game seed: 5385818174388735304

299826 Lanoc the Hand of Fortune (level 21, -11/191 HPs)
             Began as a Hill Orc Fighter on Dec 9, 2020.
             Was the Champion of Nemelex Xobeh.
             Killed from afar by a golden dragon (19 damage)
             ... with a bolt of fire
             ... on level 5 of the Vaults on Dec 17, 2020.
             The game lasted 01:47:11 (43812 turns).

Lanoc the Hand of Fortune (Hill Orc Fighter)       Turns: 43812, Time: 01:47:12

Health: -11/191    AC: 22    Str: 22    XL:     21   Next: 36%
Magic:  0/37       EV: 21    Int: 10    God:    Nemelex Xobeh [******]
Gold:   3942       SH: 15    Dex: 20    Spells: 20/20 levels left

rFire    + . .     SeeInvis .   b - +6 war axe (vamp)
rCold    + + .     Faith    .   M - +0 kite shield
rNeg     + . .     Spirit   +   P - +3 storm dragon scales {Bai Suzhen}
rPois    .         Reflect  .   (no helmet)
rElec    +         Harm     .   B - scarf {rC+ rF+}
rCorr    .         Rampage  .   N - +1 pair of gloves {Dex+3}
Will     +....                  (no boots)
Stlth    ..........             V - amulet of guardian spirit
HPRegen  0.81/turn              O - ring of Isargheu {rN+ Slay+2}
MPRegen  0.25/turn              F - +4 ring of evasion

@: mighty, hasted, studying Long Blades, very quick
A: clever 1, cold resistance 1, regeneration 1
}: 1/15 runes: decaying
a: Draw Escape, Draw Destruction, Draw Summoning, Draw Stack, Triple Draw, Deal
Four, Stack Five, Renounce Religion


You were on level 5 of the Vaults.
You worshipped Nemelex Xobeh.
Nemelex Xobeh was exalted by your worship.
You visited 7 branches of the dungeon, and saw 34 of its levels.
You also visited: Ossuary and Bailey.

You collected 4835 gold pieces.
You spent 893 gold pieces at shops.

Inventory:

Hand Weapons
 b - a +6 vampiric war axe (weapon)
 c - a +3 broad axe of flaming
 X - a +9 broad axe
Missiles
 z - 9 curare-tipped darts (quivered)
 D - 4 throwing nets
Armour
 B - a scarf of resistance (worn)
 M - a +0 kite shield (worn)
 N - a +1 pair of gloves of dexterity (worn)
 P - +3 storm dragon scales (worn) {Bai Suzhen}
 R - a +0 tower shield
 Z - a +2 crystal plate armour
Jewellery
 h - an uncursed ring of protection from fire
 x - an uncursed ring of protection from cold
 F - a +4 ring of evasion (right hand)
 O - the ring of Isargheu (left hand) {rN+ Slay+2}
   (You found it on level 1 of the Vaults)

   [ring of positive energy]

   It affects your accuracy and damage with ranged weapons and melee attacks
   (+2).
   It protects you from negative energy.
 V - an amulet of guardian spirit (around neck)
Wands
 s - a wand of acid (14)
 v - a wand of enslavement (33)
 y - a wand of iceblast (26)
 C - a wand of disintegration (18)
 E - a wand of polymorph (76)
 K - a wand of random effects (29)
 U - a wand of digging (5)
 W - a wand of paralysis (11)
Scrolls
 e - 12 scrolls of teleportation
 i - 5 scrolls of fear
 k - 2 scrolls of immolation
 n - 2 scrolls of amnesia
 p - 19 scrolls of remove curse
 q - a scroll of fog
 w - 3 scrolls of summoning
 A - 8 scrolls of identify
 H - 4 scrolls of magic mapping
 T - 2 scrolls of enchant armour
Potions
 d - 2 potions of berserk rage
 f - 2 potions of ambrosia {unknown}
 g - 6 potions of flight
 j - 6 potions of curing
 l - 6 potions of lignification
 m - 2 potions of might
 r - 3 potions of magic
 t - 3 potions of haste
 u - 3 potions of attraction
 I - 7 potions of mutation
 L - 4 potions of cancellation
 Q - 6 potions of brilliance
Books
 a - a manual of Long Blades
Miscellaneous
 o - a phantom mirror
 G - a box of beasts
 J - a condenser vane


   Skills:
 + Level 17.1 Fighting
 * Level 18.6 Axes
 + Level 15.9 Armour
 + Level 12.4 Dodging
 + Level 16.8 Shields
 * Level 24.0 Invocations


You had 20 spell levels left.
You didn't know any spells.
Your spell library contained the following spells:

 Spells                   Type           Power        Failure   Level
 Animate Skeleton         Necr           #.....       86%         1
 Apportation              Tloc           #.....       86%         1
 Corona                   Hex            #......      86%         1
 Foxfire                  Conj/Fire      #...         86%         1
 Magic Dart               Conj           #...         86%         1
 Pain                     Necr           #...         86%         1
 Sandblast                Erth           #.....       86%         1
 Summon Small Mammal      Summ           #...         86%         1
 Passwall                 Tmut/Erth      #.......     95%         2
 Searing Ray              Conj           #.....       95%         2
 Slow                     Hex            #.......     95%         2
 Confusing Touch          Hex            #.......     99%         3
 Conjure Flame            Conj/Fire      #.......     99%         3
 Dazzling Flash           Conj/Hex       #.....       99%         3
 Gell's Gravitas          Tloc           #.........   99%         3
 Inner Flame              Hex/Fire       #.......     99%         3
 Portal Projectile        Hex/Tloc       #.....       99%         3
 Stone Arrow              Conj/Erth      #.....       99%         3
 Vampiric Draining        Necr           #.........   99%         3
 Animate Dead             Necr           #.........   100%        4
 Cause Fear               Hex            #.........   100%        4
 Fulminant Prism          Conj/Hex       #.........   100%        4
 Iskenderun's Mystic Bla  Conj/Tloc      #.......     100%        4
 Leda's Liquefaction      Hex/Erth       #.........   100%        4
 Petrify                  Tmut/Erth      #.......     100%        4
 Sticky Flame             Conj/Fire      #.......     100%        4
 Summon Lightning Spire   Summ/Air       #.......     100%        4
 Agony                    Necr           #.......     100%        5
 Bolt of Magma            Conj/Fire/Erth #.........   100%        5
 Fireball                 Conj/Fire      #.........   100%        5
 Lee's Rapid Deconstruct  Erth           #.........   100%        5
 Metabolic Englaciation   Hex/Ice        #.........   100%        5
 Silence                  Hex/Air        #.........   100%        5
 Yara's Violent Unravell  Hex/Tmut       #.........   100%        5
 Conjure Ball Lightning   Conj/Air       #.........   100%        6
 Iron Shot                Conj/Erth      #.........   100%        6
 Statue Form              Tmut/Erth      #........    100%        6
 Discord                  Hex            #.........   100%        8
 Shatter                  Erth           #.........   100%        9
 Tornado                  Air            #.........   100%        9


Dungeon Overview and Level Annotations

Branches:
Dungeon (15/15)            Temple (1/1) D:6            Lair (6/6) D:10
  Swamp (4/4) Lair:3       Shoals (1/4) Lair:4        Slime (0/5) Lair:5
    Orc (2/2) D:9             Elf (0/3) Orc:2        Vaults (5/5) D:14
  Crypt (0/3) Vaults:2     Depths (0/5) D:15        Ossuary (visited)
 Bailey (visited)
  Snake: Lair:2-4    Spider: Lair:2-4

Altars:
Ashenzari
Dithmenos
Fedhas
Nemelex Xobeh
Okawaru
Sif Muna
Trog
Uskayaw
Vehumet
Wu Jian

Shops:
D:4 *:   Orc:2 ::?(*   Vaults:4 !

Portals:
Pandemonium: Orc:2

Annotations:
D:4 exclusion: oklob plant
D:12 2 transporters, Faamen's ghost, journeyman DDFi; Jorgrun
D:14 exclusion: obsidian statue


Innate Abilities, Weirdness & Mutations

Your mind is acute. (Int +2)
Your flesh is cold resistant. (rC+)
Your natural rate of healing is unusually fast.


Message History

The frost giant freezes you.
* * * LOW HITPOINT WARNING * * *
The golden dragon misses you. You block the golden dragon's attack.
The golden dragon completely misses you.
Okay, then.
Okay, then.
You draw a card...
You have drawn the Cloud.
Clouds appear around you!
A redback comes into view.
You are no longer corroded.
The frost giant points at you and mumbles some strange words.
The bolt of cold misses you.
A redback comes into view.
A jumping spider comes into view.
The jumping spider hisses angrily.
You slash the redback!
You feel better.
The redback is heavily wounded.
A redback comes into view.
The golden dragon breathes fire at you. The bolt of fire hits you!! You resist.
You die...
Your body disappears without a glow.

c. ....# ..
....# ... #...##
... ##....## ...
#......# ..
##.....#### #
#.....###.####s#
#...§§##.....s.#
##(.§§§C.@s....#
##§§§.D...#.s.#
##§§.§#### .#
##§§## ####


You could see a golden dragon (catching breath), a frost giant, a jumping spider
and 3 redbacks.

Vanquished Creatures
  Bai Suzhen (Swamp:3)
  A caustic shrike (Vaults:2)
  Nikola (Swamp:4)
  A bone dragon (Vaults:2)
  A tentacled monstrosity (Swamp:4)
  A lich (Vaults:2)
  A titan (Vaults:4)
  A thorn hunter (Swamp:2)
  3 sphinxes (Vaults:4)
  A shadow dragon (Vaults:5)
  A tengu reaver (Vaults:4)
  A fenstrider witch (D:15)
  2 frost giants
  2 fire giants
  2 deep elf sorcerers (Vaults:4)
  11 vault wardens
  Aizul (Vaults:3)
  11 very ugly things
  10 stone giants
  9 ironheart preservers
  A deep elf demonologist (Vaults:2)
  2 entropy weavers
  A deep elf annihilator (Vaults:1)
  2 bunyips (Swamp:1)
  A spark wasp (Vaults:2)
  4 ettins
  A crystal guardian (Vaults:4)
  4 eleionomae
  2 green deaths (Swamp:4)
  5 yaktaur captains
  3 fire dragons
  Josephine (D:14)
  Fannar (Lair:1)
  Erolcha (D:9)
  23 vault guards
  14 hydras
  An ice dragon (Vaults:4)
  3 boulder beetles
  8 centaur warriors
  A queen ant (D:14)
  2 dancing weapons (D:14)
  30 two-headed ogres
  2 death knights (Vaults:1)
  11 alligators
  7 ogre magi
  A tengu warrior (D:14)
  4 death yaks
  2 deep troll earth magi
  A thrashing horror (Swamp:4)
  5 orc high priests (Orc:2)
  A sun demon (Orc:2)
  Sonja (D:12)
  4 deep elf knights
  13 skeletal warriors
  A shadow wraith (Vaults:2)
  A glowing orange brain (Vaults:3)
  7 deep trolls
  2 flayed ghosts
  A sea snake (Vaults:2)
  4 goliath frogs
  7 swamp dragons
  An infernal demonspawn (Orc:2)
  2 spriggan druids (Swamp:1)
  A death drake (Orc:2)
  A torturous demonspawn (Orc:2)
  2 phantasmal warriors (Vaults:5)
  A lindwurm (Lair:6)
  9 bog bodies
  8 deep elf archers
  Pikel (D:7)
  4 wolf spiders
  17 deep elf magi
  10 orc knights
  20 ugly things
  9 ironbrand convokers
  7 will-o-the-wisps
  3 orc sorcerers
  4 necromancers
  2 mana vipers
  5 cyclopes
  A cyclops (shapeshifter) (Vaults:2)
  A salamander (D:15)
  2 salamanders (shapeshifter)
  2 manticores
  3 moths of wrath
  2 merfolk sirens (Lair:4)
  4 black mambas
  A human skeleton (Vaults:1)
  14 cane toads
  9 vault sentinels
  An orange demon (Orc:2)
  A black mamba (shapeshifter) (Vaults:4)
  A gargoyle (D:14)
  Psyche (D:9)
  2 torpor snails (Lair:6)
  A komodo dragon (shapeshifter) (Vaults:4)
  A smoke demon (Orc:2)
  4 centaur skeletons
  6 komodo dragons
  2 large abominations
  An ice devil (Orc:2)
  3 rime drakes
  8 freezing wraiths
  2 yaktaurs (shapeshifter)
  61 yaktaurs
  A silent spectre (Vaults:2)
  A polar bear (shapeshifter) (Vaults:3)
  A merfolk (shapeshifter) (D:14)
  A red devil (Orc:2)
  3 merfolk
  2 tengu conjurers (D:14)
  7 polar bears
  14 tyrant leeches
  10 trolls
  38 slime creatures
  15 hornets
  Prince Ribbit (D:5)
  17 blink frogs
  A raiju (Orc:2)
  9 dream sheep (Lair:6)
  7 shadows
  24 spriggans
  10 wraiths
  2 redbacks (Vaults:4)
  A redback (shapeshifter) (Vaults:1)
  2 vampires (D:12)
  52 yaks
  4 basilisks
  A chaos spawn (Orc:2)
  5 wyverns
  3 steam dragons
  9 vampire mosquitoes
  11 swamp worms
  3 wargs
  2 acid dragons
  19 water moccasins
  3 soldier ants
  38 orc warriors
  Duvessa (D:6)
  A swamp drake (Swamp:2)
  5 black bears (Lair:6)
  A hornet zombie (D:9)
  7 ice beasts
  3 sky beasts
  A black bear (shapeshifter) (Vaults:3)
  2 eyes of draining
  An ice dragon simulacrum (Vaults:1)
  A necrophage (D:9)
  4 phantoms
  18 centaurs
  25 ogres
  42 wolves
  5 boggarts
  8 big kobolds
  20 bullfrogs
  A wyvern zombie (D:10)
  Dowan (D:6)
  3 wyvern skeletons
  7 killer bees
  4 scorpions
  11 wights
  8 electric eels
  7 howler monkeys
  3 bullfrog zombies
  3 centaur zombies
  A human simulacrum (Vaults:1)
  5 human zombies
  A quasit (D:9)
  21 orc priests
  3 jellies
  4 bullfrog skeletons
  8 hounds
  2 water moccasin simulacra (D:8)
  An iron imp (D:14)
  Natasha (D:3)
  An iguana (D:10)
  14 orc wizards
  5 hell rats
  11 worker ants
  A bullfrog simulacrum (D:8)
  3 big kobold zombies (Ossuary)
  A hound skeleton (D:6)
  2 mummies (Ossuary)
  A worker ant zombie (D:10)
  10 gnolls
  A howler monkey skeleton (D:10)
  17 adders
  A hound simulacrum (D:8)
  4 shadow imps
  6 white imps
  A worker ant simulacrum (D:8)
  5 ufetubi
  An ooze (D:1)
  3 adder zombies
  2 worms
  3 dart slugs
  2 adder simulacra (D:8)
  A leopard gecko (D:8)
  83 orcs
  A bat (D:2)
  8 giant cockroaches
  12 goblins
  11 hobgoblins
  17 jackals
  44 kobolds
  5 quokkas
  5 ball pythons
  7 frilled lizards
  2 goblin zombies (Ossuary)
  8 hobgoblin zombies (Ossuary)
  A jackal simulacrum (D:8)
  A jackal zombie (Ossuary)
  11 kobold zombies (Ossuary)
  7 orc zombies (Ossuary)
  7 rats
  A crawling corpse (Vaults:5)
1373 creatures vanquished.

Vanquished Creatures (collateral kills)
  Mara (Vaults:3)
  Frederick (Vaults:4)
  A titan (Vaults:5)
  A frost giant (Vaults:4)
  A vault warden (Vaults:3)
  A deep elf sorcerer (Vaults:5)
  An ironheart preserver (Vaults:5)
  An ettin (Orc:1)
  Harold (D:9)
  3 vault guards (Vaults:5)
  A centaur warrior (Vaults:3)
  A death yak (Lair:2)
  A thrashing horror (Swamp:4)
  A soul eater (Orc:2)
  2 skeletal warriors (D:15)
  An unseen horror (D:12)
  2 bog bodies (Swamp:1)
  A salamander (D:10)
  3 ugly things (D:14)
  4 yaktaurs
  2 tyrant leeches (Swamp:1)
  5 hornets (Swamp:1)
  6 spriggans (Swamp:1)
  2 yaks
  2 steam dragons (D:10)
  An acid dragon (D:10)
  An orc warrior (D:5)
  A swamp drake (Swamp:1)
  An ice beast (D:8)
  2 phantoms
  An ogre (Orc:1)
  A bullfrog (D:8)
  6 wights
  3 howler monkeys (D:9)
  A bullfrog skeleton (D:8)
  A jelly (D:9)
  2 orc wizards
  2 hell rats (Lair:2)
  A mummy (D:7)
  2 orcs (D:9)
  A crawling corpse (Vaults:5)
73 creatures vanquished.

Vanquished Creatures (others)
  A deep elf sorcerer (Vaults:4)
  2 deep elf demonologists (Vaults:4)
  A swamp dragon (Swamp:4)
  An unseen horror (Vaults:1)
  2 bloated husks
  2 slime creatures (Vaults:1)
  A swamp worm (Swamp:2)
  A gnoll (D:8)
  A quokka (D:7)
  3 bushes (D:14)
  32 foxfires
  61 fungi
  84 plants
192 creatures vanquished.

Grand Total: 1638 creatures vanquished

Notes
Turn   | Place    | Note
-------+----------+-------------------------------------------
     0 | D:1      | Lanoc the Hill Orc Fighter began the quest for the Orb.
     0 | D:1      | Reached XP level 1. HP: 19/19 MP: 1/1
   258 | D:1      | Reached XP level 2. HP: 26/27 MP: 2/2
   628 | D:1      | Reached XP level 3. HP: 33/33 MP: 3/3
  1379 | D:2      | Found a faded altar of an unknown god.
  1396 | D:2      | Became a worshipper of Nemelex Xobeh the Trickster
  1396 | D:2      | Reached * piety under Nemelex Xobeh
  1396 | D:2      | Received a gift from Nemelex Xobeh
  1940 | D:2      | Reached skill level 1 in Invocations
  1940 | D:2      | Reached XP level 4. HP: 36/40 MP: 4/4
  2161 | D:2      | You fall into a shaft and drop 1 floor!
  2182 | D:3      | Found a shimmering blue altar of Sif Muna.
  2210 | D:3      | Reached skill level 1 in Dodging
  3129 | D:3      | Reached XP level 5. HP: 46/46 MP: 6/6
  3172 | D:3      | Received a gift from Nemelex Xobeh
  3256 | D:3      | Reached skill level 2 in Invocations
  3375 | D:3      | Reached XP level 6. HP: 33/53 MP: 6/8
  3637 | D:3      | Reached skill level 3 in Invocations
  3741 | D:3      | Noticed Natasha
  3790 | D:3      | Killed Natasha
  3975 | D:3      | Reached ** piety under Nemelex Xobeh
  4135 | D:4      | Found Isisug's Assorted Antiques.
  4143 | D:4      | Bought a metallic cyan potion for 28 gold pieces
  4143 | D:4      | Bought a scroll labelled PIPOXKI JIXEA for 32 gold pieces
  4143 | D:4      | Bought a scroll labelled DOBUMO FIMA for 32 gold pieces
  4143 | D:4      | Bought a scroll labelled OLUEDUERIR for 32 gold pieces
  4154 | D:4      | Reached skill level 5 in Axes
  4179 | D:4      | Found a shadowy altar of Dithmenos.
  4412 | D:4      | Found Gokluase's Book Boutique.
  4477 | D:4      | Found a broken altar of Ashenzari.
  4911 | D:4      | Reached skill level 4 in Invocations
  4911 | D:4      | Reached XP level 7. HP: 60/60 MP: 8/10
  5040 | D:4      | Found a blossoming altar of Fedhas.
  5063 | D:4      | Noticed an oklob plant
  5201 | D:5      | Entered Level 5 of the Dungeon
  5576 | D:5      | Gained mutation: Your mind is acute. (Int +2) [potion of
                  | mutation]
  5576 | D:5      | Gained mutation: Your flesh is cold resistant. (rC+)
                  | [potion of mutation]
  5576 | D:5      | Gained mutation: Your natural rate of healing is unusually
                  | fast. [potion of mutation]
  5590 | D:5      | Reached skill level 5 in Fighting
  5832 | D:5      | Paralysed by a centaur for 3 turns
  5840 | D:5      | Reached skill level 5 in Invocations
  6002 | D:5      | Reached XP level 8. HP: 63/68 MP: 11/11
  6184 | D:6      | Upgraded the game from 0.26-a0-812-g31a745ddcd to
                  | 0.26-a0-1035-g76280ab330
  6204 | D:6      | Found a hide-covered altar of Uskayaw.
  6207 | D:6      | Noticed a +0 dagger
  6207 | D:6      | Noticed a +0 dagger
  6210 | D:6      | Received a gift from Nemelex Xobeh
  6244 | D:6      | Reached *** piety under Nemelex Xobeh
  6272 | D:6      | Noticed Dowan
  6274 | D:6      | Noticed Duvessa
  6295 | D:6      | Killed Duvessa
  6295 | D:6      | Killed Dowan
  6296 | D:6      | Reached skill level 5 in Armour
  6339 | D:6      | Found a staircase to the Ecumenical Temple.
  6353 | Temple   | Entered the Ecumenical Temple
  6664 | D:6      | Noticed Prince Ribbit
  6681 | D:5      | Killed Prince Ribbit
  6682 | D:5      | Reached skill level 6 in Invocations
  7135 | D:6      | Reached skill level 7 in Invocations
  7135 | D:6      | Reached XP level 9. HP: 51/75 MP: 14/14
  7576 | D:7      | Found a sand-covered staircase.
  7589 | Ossuary  | Entered an ossuary
  8054 | D:7      | Received a gift from Nemelex Xobeh
  8071 | D:7      | Found a bloodstained altar of Trog.
  8072 | D:7      | Found an iron altar of Okawaru.
  8245 | D:7      | Reached skill level 8 in Invocations
  8418 | D:7      | Reached **** piety under Nemelex Xobeh
  8419 | D:7      | Noticed Pikel
  8424 | D:7      | Killed Pikel
  8458 | D:7      | Found an ornate altar of the Wu Jian Council.
  8611 | D:7      | Reached skill level 9 in Invocations
  8765 | D:7      | Reached XP level 10. HP: 74/86 MP: 16/16
  8803 | D:7      | Found a radiant altar of Vehumet.
  8968 | D:8      | Received a gift from Nemelex Xobeh
  8981 | D:8      | Reached skill level 10 in Axes
  9282 | D:8      | Reached skill level 10 in Invocations
  9601 | D:8      | Noticed a death yak
  9617 | D:8      | Killed a death yak
 10270 | D:9      | Reached skill level 5 in Dodging
 10510 | D:9      | Noticed Erolcha
 10513 | D:9      | Reached skill level 11 in Invocations
 10513 | D:9      | Reached XP level 11. HP: 83/93 MP: 19/19
 10516 | D:9      | Killed Erolcha
 10791 | D:9      | Noticed Harold
 10874 | D:9      | Killed Harold
 10889 | D:9      | Noticed Psyche
 10902 | D:9      | Killed Psyche
 10964 | D:9      | Found a staircase to the Orcish Mines.
 11168 | D:9      | Got a pair of heavily runed gloves
 11173 | D:9      | Identified the cursed -5 pair of gloves of Wu Jian's Scorn
                  | {rC+ Int+2 SInv} (You found it on level 9 of the Dungeon)
 11373 | D:10     | Entered Level 10 of the Dungeon
 11642 | D:10     | Found a staircase to the Lair.
 11689 | D:10     | Reached skill level 12 in Invocations
 11769 | D:10     | Got a brightly glowing quarterstaff
 11769 | D:10     | Identified the +8 quarterstaff "Wonuuf" {speed, rF- Str+8
                  | Dex+2 Stlth+} (You found it on level 10 of the Dungeon)
 11771 | D:10     | Noticed a two-headed ogre
 11774 | D:10     | Noticed a salamander
 11774 | D:10     | a two-headed ogre changed into a salamander
 11786 | D:10     | Killed a salamander
 11846 | D:10     | Reached ***** piety under Nemelex Xobeh
 11884 | D:10     | Received a gift from Nemelex Xobeh
 12044 | D:10     | Noticed a fire giant
 12071 | D:10     | Killed a fire giant
 12374 | D:10     | Reached XP level 12. HP: 63/105 MP: 21/21
 12592 | D:11     | Reached skill level 13 in Invocations
 12592 | D:11     | Upgraded the game from 0.26-a0-1035-g76280ab330 to
                  | 0.26-a0-1053-gaff5f71418
 12619 | D:11     | Noticed a two-headed ogre
 12627 | D:11     | Killed a two-headed ogre
 12908 | D:11     | Got a smoking hand axe
 12908 | D:11     | Identified the +5 hand axe of Disaster {vorpal, Will++
                  | Int-3} (You found it on level 11 of the Dungeon)
 13033 | D:11     | Reached skill level 10 in Fighting
 13858 | D:12     | Received a gift from Nemelex Xobeh
 13860 | D:12     | Noticed a boulder beetle
 13966 | D:12     | Noticed Faamen's ghost (journeyman DDFi)
 13967 | D:12     | Found a transporter.
 13967 | D:12     | Found a transporter.
 13967 | D:12     | Noticed a centaur warrior
 13999 | D:12     | Reached skill level 14 in Invocations
 14191 | Orc:1    | Entered Level 1 of the Orcish Mines
 14191 | Orc:1    | Noticed an ettin
 14210 | Orc:1    | Killed an ettin
 14362 | Orc:1    | Received a gift from Nemelex Xobeh
 14576 | Orc:2    | Entered Level 2 of the Orcish Mines
 14998 | Orc:2    | Found Palamp's Book Shoppe.
 15339 | Orc:2    | Found a staircase to the Elven Halls.
 15396 | Orc:2    | Found Wuliqee's General Store.
 15400 | Orc:2    | Found Ocvecrui's Magic Scroll Shop.
 15685 | Orc:2    | Noticed a sun demon
 15698 | Orc:2    | Noticed a soul eater
 15698 | Orc:2    | a sun demon changed into a soul eater
 15803 | Orc:2    | Killed a soul eater
 16079 | Orc:2    | Reached XP level 13. HP: 85/114 MP: 23/23
 16270 | Orc:2    | Reached skill level 10 in Armour
 16343 | Orc:2    | Bought a scroll of blinking for 90 gold pieces
 16345 | Orc:2    | Bought a scroll of teleportation for 42 gold pieces
 16345 | Orc:2    | Bought a scroll of teleportation for 42 gold pieces
 16345 | Orc:2    | Bought a scroll of identify for 28 gold pieces
 16345 | Orc:2    | Bought a scroll of identify for 28 gold pieces
 16345 | Orc:2    | Bought a scroll of identify for 28 gold pieces
 16345 | Orc:2    | Bought a scroll of fear for 49 gold pieces
 16568 | Orc:2    | Reached skill level 15 in Invocations
 17479 | Orc:2    | Found Yntyocke's Antique Weapon Shoppe.
 17479 | Orc:2    | Found Teytoudy's Book Emporium.
 17479 | Orc:2    | Found a one-way gate leading to the halls of Pandemonium.
 18293 | D:12     | Reached skill level 16 in Invocations
 18530 | D:12     | Noticed Sonja
 18537 | D:12     | Killed Sonja
 18542 | D:12     | Noticed Jorgrun
 18546 | D:12     | Jorgrun changed into something unseen
 18981 | D:12     | Reached XP level 14. HP: 101/125 MP: 26/26
 20106 | D:13     | Got a polished chain mail
 20116 | D:13     | Identified the cursed +0 chain mail of the Disturbing Orbs
                  | {-Cast rElec Slay+5 Stlth+} (You found it on level 13 of
                  | the Dungeon)
 20172 | D:13     | Received a gift from Nemelex Xobeh
 20392 | D:14     | Found a flagged portal.
 20487 | Bailey   | Entered a bailey
 20540 | Bailey   | Found a burning altar of Makhleb.
 20711 | D:14     | Received a gift from Nemelex Xobeh
 20730 | D:14     | Reached skill level 17 in Invocations
 21031 | D:14     | Noticed Frances
 21033 | D:14     | Noticed Frances
 21033 | D:14     | Frances changed into Frances the queen ant
 21040 | D:14     | Killed Frances the queen ant
 21212 | D:14     | Reached ****** piety under Nemelex Xobeh
 21387 | D:14     | Found a gate to the Vaults.
 21530 | D:15     | Entered Level 15 of the Dungeon
 21531 | D:15     | Found a staircase to the Depths.
 21531 | D:15     | Noticed a fire giant
 21531 | D:15     | Noticed Josephine
 21660 | D:14     | Killed Josephine
 21926 | D:15     | Noticed a fenstrider witch
 21926 | D:15     | a fire giant changed into a fenstrider witch
 21934 | D:15     | Killed a fenstrider witch
 22180 | D:15     | Reached skill level 18 in Invocations
 22427 | D:15     | Received a gift from Nemelex Xobeh
 22442 | D:15     | Reached XP level 15. HP: 108/134 MP: 28/28
 22742 | Lair:1   | Entered Level 1 of the Lair of Beasts
 22920 | Lair:1   | Noticed Fannar
 22948 | Lair:1   | Killed Fannar
 23508 | Lair:1   | Received a gift from Nemelex Xobeh
 23678 | Lair:2   | Upgraded the game from 0.26-a0-1053-gaff5f71418 to
                  | 0.26-a0-1060-g086102a3f0
 23977 | Lair:2   | Received a gift from Nemelex Xobeh
 24419 | Lair:3   | Found a staircase to the Swamp.
 24962 | Lair:3   | Identified the +5 falchion "Tiucwofugu" {antimagic, Dex+4}
                  | (You found it on level 3 of the Lair of Beasts)
 25314 | Lair:4   | Received a gift from Nemelex Xobeh
 25438 | Lair:4   | Received a gift from Nemelex Xobeh
 25571 | Lair:4   | Received a gift from Nemelex Xobeh
 26040 | Lair:4   | Found a staircase to the Shoals.
 26301 | Lair:5   | Received a gift from Nemelex Xobeh
 26408 | Lair:5   | Reached skill level 19 in Invocations
 26824 | Lair:5   | Found a staircase to the Slime Pits.
 26884 | Lair:5   | Received a gift from Nemelex Xobeh
 27115 | Lair:6   | Entered Level 6 of the Lair of Beasts
 27227 | Lair:6   | Identified a scroll of acquirement
 27228 | Lair:6   | Acquired a manual of Shields
 27317 | Lair:6   | Reached XP level 16. HP: 143/145 MP: 29/29
 27371 | Lair:6   | Reached skill level 5 in Shields
 27642 | Lair:6   | Received a gift from Nemelex Xobeh
 27716 | Lair:6   | Reached skill level 10 in Dodging
 28333 | Shoals:1 | Entered Level 1 of the Shoals
 28333 | Shoals:1 | Received a gift from Nemelex Xobeh
 28573 | Swamp:1  | Entered Level 1 of the Swamp
 28590 | Swamp:1  | HP: 9/219 [tyrant leech (17)]
 28857 | Swamp:1  | Reached skill level 15 in Axes
 29113 | Swamp:1  | HP: 2/146 [tyrant leech (23)]
 29649 | Swamp:1  | Received a gift from Nemelex Xobeh
 30038 | Swamp:1  | Upgraded the game from 0.26-a0-1060-g086102a3f0 to
                  | 0.26-a0-1080-g4c0aae810e
 30160 | Swamp:1  | Reached skill level 20 in Invocations
 30929 | Swamp:2  | Noticed a thorn hunter
 30943 | Swamp:2  | Killed a thorn hunter
 31857 | Swamp:3  | Received a gift from Nemelex Xobeh
 31932 | Swamp:3  | Noticed Bai Suzhen
 31959 | Swamp:3  | Killed Bai Suzhen
 31960 | Swamp:3  | Reached XP level 17. HP: 142/154 MP: 31/31
 32185 | Swamp:4  | Entered Level 4 of the Swamp
 32202 | Swamp:3  | Reached skill level 10 in Shields
 32211 | Swamp:3  | HP: 1/154 [eleionoma/spray of wooden splinters (23)]
 33776 | Swamp:4  | Received a gift from Nemelex Xobeh
 33784 | Swamp:4  | Noticed Nikola
 33836 | Swamp:4  | Killed Nikola
 33971 | Swamp:4  | Noticed a tentacled monstrosity
 34002 | Swamp:4  | Killed a tentacled monstrosity
 34146 | Swamp:4  | Got a decaying rune of Zot
 34179 | Swamp:4  | Reached skill level 21 in Invocations
 34377 | Swamp:4  | Got a translucent battleaxe
 34467 | Lair:3   | Identified the +1 battleaxe of Pedip {protect, rElec rF+
                  | rC+} (You found it on level 4 of the Swamp)
 34600 | Vaults:1 | Entered Level 1 of the Vaults
 34682 | Vaults:1 | Reached skill level 15 in Fighting
 34837 | Vaults:1 | Reached XP level 18. HP: 163/163 MP: 7/32
 34992 | Vaults:1 | Got a glittering golden ring
 34994 | Vaults:1 | Identified the ring of Isargheu {rN+ Slay+2} (You found it
                  | on level 1 of the Vaults)
 35106 | Vaults:1 | Upgraded the game from 0.26-a0-1080-g4c0aae810e to
                  | 0.26-a0-1107-g6118521029
 35864 | Vaults:1 | Received a gift from Nemelex Xobeh
 36214 | Vaults:1 | Received a gift from Nemelex Xobeh
 36956 | Vaults:2 | Received a gift from Nemelex Xobeh
 36998 | Vaults:2 | Found a transporter.
 37153 | Vaults:2 | Received a gift from Nemelex Xobeh
 37325 | Vaults:2 | Reached skill level 22 in Invocations
 37408 | Vaults:2 | Noticed a bone dragon
 37434 | Vaults:2 | Killed a bone dragon
 37508 | Vaults:2 | Found a staircase to the Crypt.
 37587 | Vaults:2 | Reached XP level 19. HP: 137/172 MP: 16/34
 38287 | Vaults:2 | Found a transporter.
 38287 | Vaults:2 | Found a runed translucent door.
 38287 | Vaults:2 | Found a bloodstained altar of Trog.
 38288 | Vaults:2 | Found the +8 Wrath of Trog {antimagic, *Rage}
 38628 | Vaults:2 | Reached skill level 15 in Shields
 38820 | Vaults:2 | Noticed a lich
 38864 | Vaults:2 | Noticed a shard shrike
 38864 | Vaults:2 | a titan changed into a shard shrike
 38868 | Vaults:2 | Noticed a caustic shrike
 38868 | Vaults:2 | a shard shrike changed into a caustic shrike
 38874 | Vaults:2 | Killed a caustic shrike
 39071 | Vaults:2 | Killed a lich
 39172 | Vaults:3 | Received a gift from Nemelex Xobeh
 39461 | Vaults:3 | Noticed Mara
 39464 | Vaults:3 | Noticed Lanoc's illusion
 39471 | Vaults:3 | Killed Mara
 39476 | Vaults:3 | Reached skill level 15 in Armour
 39674 | Vaults:3 | Received a gift from Nemelex Xobeh
 39895 | Vaults:3 | Noticed Aizul
 39916 | Vaults:3 | Killed Aizul
 40754 | Vaults:3 | Received a gift from Nemelex Xobeh
 41041 | Vaults:4 | Reached XP level 20. HP: 182/182 MP: 30/35
 41066 | Vaults:4 | Reached skill level 23 in Invocations
 41179 | Vaults:4 | Received a gift from Nemelex Xobeh
 41701 | Vaults:4 | Noticed Frederick
 41825 | Vaults:4 | Killed Frederick
 42061 | Vaults:4 | Received a gift from Nemelex Xobeh
 42808 | Vaults:4 | Received a gift from Nemelex Xobeh
 42958 | Vaults:4 | Found Geymp's Distillery.
 42964 | Vaults:4 | Bought a potion of heal wounds for 70 gold pieces
 42964 | Vaults:4 | Bought a potion of curing for 42 gold pieces
 42964 | Vaults:4 | Bought a potion of heal wounds for 70 gold pieces
 42964 | Vaults:4 | Bought a potion of mutation for 112 gold pieces
 42964 | Vaults:4 | Bought a potion of might for 56 gold pieces
 42964 | Vaults:4 | Bought a potion of mutation for 112 gold pieces
 43206 | Vaults:5 | Entered Level 5 of the Vaults
 43219 | Vaults:5 | Reached XP level 21. HP: 82/190 MP: 20/36
 43638 | Vaults:5 | Reached skill level 24 in Invocations
 43800 | Vaults:5 | Noticed a golden dragon
 43806 | Vaults:5 | HP: 2/191 [frost giant/+2 battleaxe of freezing (21)]
 43812 | Vaults:5 | Killed from afar by a golden dragon

Illustrated notes

Levels and vault maps discovered:
D:1:      shiori_shiawase, layout_loops_corners, minmay_octomino_j4
D:2:      layout_basic, chequers_ecumenical_altar_island,
          kennysheep_generic_room_16
D:3:      layout_loops_corners, led_sif_book, uniq_natasha
D:4:      layout_loops_ring, cheibrodos_ashenzari_chains, tgw_fedhas,
          serial_shops, shop, nicolae_shop_overgrown_old_shop,
          nicolae_dithmenos_shadow_blocks
D:5:      layout_loops_ring
D:6:      layout_basic, dancing_weapons_uskayaw,
          minmay_temple_entry_statues_fountains, uniq_duvessa,
          uniq_prince_ribbit1
D:7:      layout_gridville, grunt_temple_overflow_bloody_war,
          fiery_altar_vehumet, basic_altar, gup_ossuary_entry_pyramid,
          minmay_fractal_squares_5, uniq_pikel
D:8:      layout_gridville, serial_ice, serial_ice_o, serial_ice_c,
          serial_ice_k, serial_ice_e, serial_ice_f, serial_ice_a, serial_ice_g,
          serial_ice_n, serial_ice_b, serial_ice_h, st_stairs_6,
          bh_walls_and_bars
D:9:      layout_basic, item_on_display_a, uniq_erolcha, uniq_harold,
          uniq_psyche
D:10:     layout_long_grid, minmay_lair_entry_grove, kennysheep_just_a_vault
D:11:     layout_long_grid, grunt_decor_clamped, kennysheep_pointless_box,
          minmay_starry_boxes
D:12:     layout_small_grid, gammafunk_ghost_arena, uniq_sonja, uniq_jorgrun
D:13:     layout_basic, abandoned_shop
D:14:     kennysheep_kobold_grotto, layout_rooms, erik_vaults_1, enter_bailey_7,
          fountainhead, uniq_frances
D:15:     grunt_enter_depths_giant_problem, layout_rooms,
          chequers_serial_rivers_room_b, uniq_josephine
Temple:   nicolae_temple_elliptical
Lair:1:   layout_chaotic_city, uniq_fannar
Lair:2:   layout_loops_ring, grunt_megastairs_1
Lair:3:   layout_big_grid, minmay_swamp_entry_worms, grunt_megastairs_2,
          serial_bayou_shore_a
Lair:4:   layout_regular_city, elwin_shoals_entry_stream
Lair:5:   layout_roguey, dpeg_slime_entry_corner, grunt_megastairs_5
Lair:6:   minmay_lair_end_enchanted_forest, layout_long_grid
Swamp:1:  layout_basic_swamp, serial_swamp_ruin, hangedman_swamp_ruin_wall,
          evilmike_swamp_ruin_rubble_1, evilmike_swamp_ruin_house_1,
          nicolae_swamp_spriggan_camp, infiniplex_staircase_pool_2
Swamp:2:  layout_falls_marsh, hangedman_swamp_lotus, swamp_pool1
Swamp:3:  layout_basic_swamp, nicolae_swamp_orc_logging_accident,
          uniq_bai_suzhen
Swamp:4:  swamp_vile, layout_basic_swamp, uniq_nikola
Shoals:1: layout_shoals
Orc:1:    layout_caves
Orc:2:    pf_orc_diabolical, layout_caves, serial_shops, shop_fountains
Vaults:1: nicolae_vaults_yaktaur_gun_rack, vaults_mumra_minichess_inversion,
          v_pattern_5, hangedman_vaults_stream, nicolae_vaults_circle_grid_a,
          hangedman_vaults_stitches, nicolae_vaults_little_squares_4,
          nicolae_vaults_triangles, vaults_mumra_lcd, vaults_room_large_hall,
          layout_vaults_ring
Vaults:2: emtedronai_trogs_sanctum, v_misc_14, ontoclasm_vaults_twist,
          vaults_room_semicircle, ontoclasm_vaults_ring_large,
          minmay_crypt_entry_nasty_monster, v_misc_10, vaults_room_hallway,
          hangedman_vaults_capsules, nicolae_vaults_little_squares_3,
          layout_vaults_omnigrid
Vaults:3: hangedman_vaults_snaps, v_misc_16, v_misc_16,
          nicolae_vaults_network_barrier, v_misc_32, v_misc_9,
          nicolae_vaults_mini_display_case, vaults_room_fours,
          ontoclasm_vaults_claustrophobia, vaults_room_semicircle,
          nicolae_vaults_little_squares_6, v_misc_16, layout_vaults_big_room,
          uniq_mara, uniq_aizul
Vaults:4: v_pattern_3, nicolae_vaults_little_squares_4,
          nicolae_vaults_little_squares_2, v_misc_14, hangedman_vaults_corner,
          vaults_room_pools, ontoclasm_vaults_chip, v_misc_14,
          ontoclasm_vaults_ring_large, v_misc_14,
          nicolae_vaults_little_squares_1, grunt_vaults_diagonal,
          hangedman_vaults_trim, ontoclasm_vaults_decontamination, v_misc_12,
          vaults_room_fours, layout_vaults_big_cross, serial_shops, shop,
          uniq_frederick
Vaults:5: serial_shops

Skill      XL: |  1  2  3  4  5  6  7  8  9 10 11 12 13 14 15 16 17 18 19 20 21 |
---------------+----------------------------------------------------------------+-----
Axes           | 3 4 5 6 8 9 11 12 13 14 15 16 17 18 | 18.6
Fighting       | 4 5 6 7 8 9 10 11 12 13 14 15 16 17 | 17.1
Invocations    | 1 2 4 5 7 9 11 12 14 16 18 19 20 21 22 23 24 | 24.0
Dodging        | 1 2 3 4 5 6 7 8 9 10 11 12 | 12.4
Shields        | 4 9 12 14 15 16 | 16.8
Armour         | 4 5 6 7 8 9 10 12 13 14 15 | 15.9

Action                   |  1- 3 |  4- 6 |  7- 9 | 10-12 | 13-15 | 16-18 | 19-21 || total
-------------------------+-------+-------+-------+-------+-------+-------+-------++-------
Melee: War axe           |    90 |   233 |   404 |   360 |   388 |  1629 |  1225 ||  4329
       Quarterstaff      |       |       |       |   185 |       |       |       ||   185
       Hand axe          |       |       |       |   395 |  1068 |       |       ||  1463
       Broad axe         |       |       |       |       |    23 |    49 |       ||    72
Throw: Dart              |       |       |     3 |       |     2 |       |       ||     5
Invok: Draw Destruction  |       |     2 |     5 |    25 |    34 |    19 |    28 ||   113
       Draw Escape       |       |       |     3 |       |     6 |     1 |     2 ||    12
       Draw Summoning    |       |       |     2 |     9 |     6 |     5 |     6 ||    28
       Stack Five        |       |       |       |       |     1 |       |       ||     1
       Triple Draw       |       |       |       |       |       |     1 |       ||     1
Evoke: Wand              |       |       |     9 |    12 |    20 |     3 |       ||    44
       Box of beasts     |       |       |       |     1 |     1 |       |       ||     2
       Condenser vane    |       |       |       |       |     1 |       |       ||     1
  Use: Potion            |       |       |     9 |     2 |     5 |    14 |     9 ||    39
       Scroll            |       |       |    14 |     5 |    12 |    13 |    13 ||    57
 Stab: Invisible         |       |       |     4 |       |       |       |       ||     4
       Petrified         |       |       |       |     4 |     4 |       |       ||     8
       Petrifying        |       |       |       |     1 |       |       |       ||     1
       Distracted        |       |       |       |       |     5 |     1 |     1 ||     7
Armor: Scale mail        |    29 |    82 |   126 |   161 |    66 |       |       ||   464
       Chain mail        |       |       |       |       |   185 |   255 |       ||   440
       Storm dragon scal |       |       |       |       |       |   190 |   272 ||   462
Dodge: Dodged            |    26 |    59 |   157 |   459 |   671 |   860 |   739 ||  2971
Block: Kite shield       |    38 |   111 |   219 |   331 |   571 |   880 |   822 ||  2972

Table legend: (Time is in decaauts)
 A = Elapsed time spent in this place.
 B = Non-inter-level travel time spent in this place.
 C = Inter-level travel time spent in this place.
 D = Time resting spent in this place.
 E = Time spent auto-exploring this place.
 F = Levels seen in this place.
 G = Mean time per level.
                   A        B        C        D        E       F      G
               +--------+--------+--------+--------+--------+-----+--------+
         Total |  43381 |  41684 |   1697 |   5361 |  26242 |  36 | 1205.0 |
       Dungeon |  19126 |  18336 |    790 |   1563 |  12893 |  15 | 1275.1 |
        Temple |      1 |      1 |      0 |      0 |      0 |   1 |    1.0 |
          Lair |   6093 |   5808 |    285 |    587 |   4009 |   6 | 1015.5 |
         Swamp |   5842 |   5686 |    156 |   1803 |   2458 |   4 | 1460.5 |
        Shoals |     16 |     16 |      0 |      0 |      2 |   1 |   16.0 |
  Orcish Mines |   3097 |   3012 |     85 |    570 |   1610 |   2 | 1548.5 |
        Vaults |   8778 |   8399 |    379 |    837 |   5098 |   5 | 1755.6 |
       Ossuary |    314 |    314 |      0 |      0 |    125 |   1 |  314.0 |
        Bailey |    111 |    111 |      0 |      0 |     46 |   1 |  111.0 |
               +--------+--------+--------+--------+--------+-----+--------+

Top non-repeatable levels by time:
Vaults:4: 2565 daAuts
Vaults:2: 2465 daAuts
   Orc:2: 2374 daAuts
     D:3: 2037 daAuts
Vaults:1: 1923 daAuts
 Swamp:1: 1760 daAuts
Vaults:3: 1722 daAuts
    D:12: 1721 daAuts
    D:11: 1615 daAuts
 Swamp:4: 1602 daAuts
 Swamp:3: 1541 daAuts
     D:5: 1503 daAuts
     D:9: 1483 daAuts
     D:2: 1258 daAuts
     D:8: 1228 daAuts
